 Dungeon Crawl Stone Soup version 0.31-a0-841-g038b102fc3 (webtiles) character file.

Game seed: 16451931176430257388

91 javelincjr the Trooper (level 4, -3/29 (37) HPs)
             Began as a Demonspawn Fighter on Sept 27, 2023.
             Slain by Edmund
             ... wielding a +4 dire flail of draining
              (8 damage)
             ... on level 3 of the Dungeon.
             The game lasted 00:05:22 (2533 turns).

javelincjr the Trooper (Demonspawn Fighter)         Turns: 2533, Time: 00:05:22

HP:   -3/29 (37)    AC:  7    Str: 19    XL:     4   Next: 34%
MP:   4/4           EV:  9    Int:  9    God:
Gold: 153           SH:  4    Dex: 12    Spells: 3/3 levels left

rFire   . . .        q - +2 dagger (venom)
rCold   . . .        c - +0 buckler
rNeg    . . .        b - +0 scale mail
rPois   .            (helmet restricted)
rElec   .            (no cloak)
rCorr   .            (no gloves)
SInv    .            n - +0 pair of boots
Will    .....        (no amulet) Stlth
                     (no ring)
HPRegen 0.24/turn    (no ring)
MPRegen 0.18/turn

%: no passive effects
@: heavily drained
A: antennae 1, magic regeneration, demonic touch 1
a: no special abilities


You were on level 3 of the Dungeon.
You visited 1 branch of the dungeon, and saw 4 of its levels.

You collected 192 gold pieces.
You spent 39 gold pieces at shops.

Inventory:

Hand Weapons
 a - a +0 trident
 q - a +2 dagger of venom (weapon)
Missiles
 e - 2 poisoned darts (quivered)
Armour
 b - a +0 scale mail (worn)
 c - a +0 buckler (worn)
 h - a +0 helmet
 n - a +0 pair of boots (worn)
Wands
 A - a wand of quicksilver (8)
Scrolls
 g - 2 scrolls of fog {unknown}
 i - a scroll of teleportation {unknown}
 j - a scroll of enchant weapon {unknown}
 l - 2 scrolls of identify {unknown}
 o - a scroll of immolation {unknown}
 r - a scroll of brand weapon {unknown}
 t - 2 scrolls of fear {unknown}
 u - a scroll of noise {unknown}
 v - 3 scrolls of blinking {unknown}
 w - a scroll of vulnerability {unknown}
 y - a scroll of acquirement {unknown}
 z - a scroll of amnesia {unknown}
 B - a scroll of torment {unknown}
Potions
 d - a potion of might
 f - 3 potions of curing
 k - a potion of degeneration {unknown}
 m - 2 potions of attraction {unknown}
 p - a potion of invisibility {unknown}
 s - a potion of berserk rage {unknown}
 x - a potion of haste {unknown}


   Skills:
 * Level 3.8 Fighting
 + Level 2.4 Polearms
 + Level 3.1 Armour
 + Level 0.9 Dodging
 + Level 3.1 Shields


You had 3 spell levels left.
You didn't know any spells.
Your spell library contained the following spells:

 Spells                   Type           Power      Damage    Failure   Level
 Tukima's Dance           Hex            0%         N/A       99%         3
 Dimensional Bullseye     Hex/Tloc       0%         N/A       100%        4
 Iskenderun's Mystic Bla  Conj/Tloc      0%         2d3       100%        4


Dungeon Overview and Level Annotations

Branches:
Dungeon (4/15)
 Temple: D:4-7

Altars:

Shops:
D:2 *

Annotations:
D:3 Edmund


Innate Abilities, Weirdness & Mutations

You have a pair of small antennae on your head.
You regenerate magic rapidly.
Your touch may inflict minor irresistible damage on your foes.


Message History

You feel drained.
You barely miss Edmund.
Edmund is moderately wounded.
Edmund barely misses you.
You barely miss Edmund.
Edmund is moderately wounded.
Edmund hits you with a +4 dire flail of draining.
You feel drained.
You hit Edmund.
Edmund looks as sick as possible!
Edmund is moderately wounded.
An adder comes into view.
Edmund hits you with a +4 dire flail of draining!
You feel drained.
* * * LOW HITPOINT WARNING * * *
You are too injured to fight recklessly!
Edmund barely misses you.
You climb upwards.
There is a stone staircase leading down here.
You are too injured to fight recklessly!
You are too injured to fight recklessly!
You hit Edmund but do no damage.
Edmund is heavily wounded.
Edmund closely misses you.
You completely miss Edmund.
Edmund is heavily wounded.
Edmund closely misses you.
You hit Edmund but do no damage.
Edmund looks as sick as possible!
Edmund is heavily wounded.
Edmund hits you with a +4 dire flail of draining.
* * * LOW HITPOINT WARNING * * *
You feel drained.
* * * LOW HITPOINT WARNING * * *
You hit Edmund but do no damage.
Edmund looks as sick as possible!
Edmund is heavily wounded.
Edmund barely misses you.
You hit Edmund but do no damage.
Edmund is severely wounded.
Edmund hits you with a +4 dire flail of draining!
You die...
Edmund whines, "They better pay attention to me now!"

########## #...@....#
#....@...# #........#
#..).....# ##........#
##)........# ######
####..........###....#
##....####.........##.#
#..#### #..#########.#


You could see Edmund (extremely poisoned).

Vanquished Creatures
  An orc wizard (D:3)
  A worm (D:2)
  A dart slug (D:1)
  4 orcs (D:3)
  3 ball pythons (D:1)
  4 endoplasms
  5 giant cockroaches
  5 goblins
  6 hobgoblins
  4 jackals (D:1)
  2 quokkas
  5 bats
  A frilled lizard (D:1)
  4 kobolds
  5 rats
51 creatures vanquished.

Notes
Turn   | Place    | Note
-------+----------+-------------------------------------------
     0 | D:1      | javelincjr the Demonspawn Fighter began the quest for the
                  | Orb.
     0 | D:1      | Reached XP level 1. HP: 18/18 MP: 1/1
    95 | D:1      | Gained mutation: You regenerate magic rapidly. [demonic
                  | ancestry]
    95 | D:1      | Reached XP level 2. HP: 21/24 MP: 2/2
   611 | D:1      | Discovered your monstrous ancestry.
   611 | D:1      | Gained mutation: You have a pair of small antennae on your
                  | head. [demonic ancestry]
   611 | D:1      | Reached XP level 3. HP: 28/29 MP: 3/3
  1448 | D:2      | Found Loaghufa's General Store.
  1457 | D:2      | Bought a potion of curing for 39 gold pieces
  1938 | D:3      | Gained mutation: Your touch may inflict minor irresistible
                  | damage on your foes. [demonic ancestry]
  1938 | D:3      | Reached XP level 4. HP: 12/37 MP: 4/4
  2513 | D:4      | Noticed Edmund
  2533 | D:3      | Slain by Edmund

Illustrated notes

Levels and vault maps discovered:
D:1:      nicolae_arrival_somewhat_less_tricky_arrival, layout_basic
D:2:      layout_loops_ring, serial_shops, shop
D:3:      layout_rooms
D:4:      cheibrodos_quashed, layout_rooms, uniq_ijyb, uniq_edmund

Skill      XL: |  1  2  3 |
---------------+----------+-----
Polearms       | 2 |  2.4
Armour         | 3 |  3.1
Shields        | 3 |  3.1
Fighting       | |  3.8
Dodging        | |  0.9

Action                     |  1- 3 |  4- 6 || total
---------------------------+-------+-------++-------
  Melee: Trident           |   107 |       ||   107
         Dagger            |    46 |    36 ||    82
  Throw: Dart              |       |     5 ||     5
 Armour: Scale mail        |    89 |    23 ||   112
  Dodge: Dodged            |    53 |    18 ||    71
  Block: Buckler           |    23 |     5 ||    28

Table legend: (Time is in decaauts)
 A = Elapsed time spent in this place.
 B = Non-inter-level travel time spent in this place.
 C = Inter-level travel time spent in this place.
 D = Time resting spent in this place.
 E = Time spent auto-exploring this place.
 F = Levels seen in this place.
 G = Mean time per level.
                   A        B        C        D        E       F      G
               +--------+--------+--------+--------+--------+-----+--------+
         Total |   2560 |   2407 |    153 |     79 |   1903 |   4 |  640.0 |
       Dungeon |   2560 |   2407 |    153 |     79 |   1903 |   4 |  640.0 |
               +--------+--------+--------+--------+--------+-----+--------+

Top non-repeatable levels by time:
     D:1: 1116 daAuts
     D:2: 830 daAuts
     D:3: 599 daAuts
     D:4: 14 daAuts
